Map: Blackrock LE

Players

AMCHOLDER

  • Race: Zerg Zerg

dawderu - Winner!

  • Race: Terran Terran
  • League: Master

VOD

Have the link to the VOD?

Description

Time

  • Played on: July 20, 2026, 5:47 a.m.
  • Length: 26:29
Show
View Real Time Build Order
Export as new Build Order

AMCHOLDER Zerg 

Build Orders: Hatch First 

Get SALT Encoding   

  8  0:01  Drone  
  9  0:11  Drone  
  10  0:18  Drone  
  11  0:28  Overlord  
  11  0:34  Drone  
  12  0:46  Drone  
  12  0:47  Drone  
  14  0:52  Drone  
  15  1:13  Hatchery  
  14  1:18  Drone  
  14  1:19  Drone  
  14  1:23  Drone  
  17  1:32  Extractor  
  17  1:38  Spawning Pool  
  15  1:46  Drone x2  
  17  1:51  Drone  
  18  2:01  Drone  
  19  2:22  Overlord  
  19  2:29  Queen x2  
  21  2:31  Drone  
  24  2:41  Drone x3  
  27  2:48  Drone  
  27  2:49  Drone  
  29  2:51  Overlord  
  29  2:55  Metabolic Boost  
  29  2:58  Drone  
  30  3:12  Hatchery  
  29  3:16  Drone  
  29  3:19  Drone  
  31  3:20  Drone  
  31  3:24  Overlord  
  31  3:26  Drone  
  33  3:27  Drone  
  33  3:31  Drone  
  35  3:37  Drone  
  35  3:38  Queen  
  38  3:45  Drone x3  
  41  3:48  Overlord  
  41  3:56  Drone x2  
  43  4:05  Evolution Chamber x2, Drone  
  42  4:16  Overlord  
  42  4:21  Extractor, Drone x2  
  42  4:22  Drone x2  
  45  4:25  Queen  
  45  4:27  Drone  
  45  4:28  Drone  
  49  4:33  Drone  
  49  4:37  Drone x3  
  53  4:44  Overlord x2  
  53  4:47  Drone  
  54  4:58  Drone  
  54  4:59  Drone x6, Baneling Nest  
  60  5:07  Overlord x2  
  60  5:08  Overlord  
  60  5:15  Drone x3  
  63  5:25  Overlord x2  
  63  5:27  Zerg Ground Armor Level 1, Zerg Melee Weapons Level 1  
  63  5:28  Hatchery  
  63  5:34  Drone  
  63  5:35  Drone x6  
  69  5:43  Spore Crawler  
  69  5:46  Lair  
  68  5:50  Spore Crawler, Queen  
  68  5:52  Spore Crawler x2  
  68  5:55  Drone x3, Spore Crawler  
  68  5:56  Drone  
  68  5:57  Drone x2  
  72  6:02  Extractor x2  
  70  6:04  Spore Crawler  
  70  6:05  Drone  
  70  6:06  Drone x7  
  77  6:13  Overlord x3  
  77  6:23  Drone x3  
  77  6:24  Drone x3  
  83  6:26  Spore Crawler  
  82  6:44  Drone  
  82  6:45  Drone x3  
  86  6:47  Centrifugal Hooks  
  86  6:48  Spire  
  86  6:49  Drone  
  86  6:50  Drone  
  86  6:51  Drone x2  
  86  6:52  Drone x4  
  94  6:54  Drone x6  
  99  7:10  Drone x3, Extractor  
  99  7:11  Extractor  
  100  7:18  Extractor  
  100  7:19  Extractor  
  98  7:24  Zerg Melee Weapons Level 2, Zerg Ground Armor Level 2  
  98  7:25  Zergling x2  
  98  7:26  Zergling x34  
  116  7:41  Overlord x2, Spore Crawler  
  113  7:47  Drone x2  
  114  7:56  Corruptor  
  114  7:57  Corruptor x5  
  114  7:58  Corruptor x4  
  128  8:04  Zerg Flyer Armor Level 1  
  128  8:05  Overlord x4  
  134  8:12  Roach Warren  
  128  8:21  Drone  
  128  8:22  Drone  
  128  8:23  Drone x4  
  131  8:32  Drone  
  131  8:34  Drone x6  
  138  8:44  Corruptor  
  138  8:45  Corruptor x2  
  144  8:48  Zergling x2  
  144  8:49  Zergling x16  
  144  8:52  Hatchery  
  144  8:53  Glial Reconstitution  
  144  8:54  Overlord  
  144  8:55  Infestation Pit  
  151  9:00  Overlord  
  151  9:01  Overlord x2  
  151  9:10  Overseer  
  151  9:17  Nydus Network  
  150  9:19  Drone x5  
  150  9:20  Drone x8  
  150  9:21  Queen  
  165  9:29  Roach  
  167  9:37  Hive  
  167  9:45  Baneling x2  
  167  9:46  Baneling x5  
  167  9:47  Baneling x3  
  167  10:05  Roach  
  167  10:06  Roach x8  
  185  10:07  Zergling x2  
  185  10:08  Zergling x12  
  185  10:10  Zerg Flyer Armor Level 2  
  185  10:12  Queen  
  189  10:38  Nydus Canal  
  189  10:49  Zerg Melee Weapons Level 3, Zerg Ground Armor Level 3  
  189  10:51  Adrenal Glands  
  189  10:54  Ultralisk Cavern  
  148  11:31  Nydus Canal  
  142  11:33  Zergling x2  
  142  11:34  Zergling x24  
  142  11:35  Zergling x4  
  157  11:40  Extractor  
  157  11:41  Chitinous Plating  
  157  11:43  Ultralisk  
  157  11:44  Ultralisk x6  
  157  11:45  Zergling x4  
  200  12:04  Nydus Canal  
  200  12:08  Baneling  
  200  12:09  Baneling x3  
  200  12:28  Zerg Flyer Armor Level 3  
  198  12:43  Zergling x2  
  198  12:44  Zergling x2  
  200  13:00  Anabolic Synthesis  
  192  13:18  Zergling x2  
  192  13:19  Zergling x18  
  184  13:37  Ultralisk  
  184  13:38  Ultralisk x4, Zergling x20  
  194  13:52  Nydus Canal  
  194  13:58  Zergling x12  
  193  14:13  Zergling x2  
  193  14:14  Zergling x22  
  196  14:21  Ultralisk  
  185  14:35  Corruptor  
  185  14:36  Corruptor x2  
  185  14:37  Corruptor x5  
  170  14:53  Zergling x2  
  170  14:54  Zergling x10  
  174  15:03  Zergling x2  
  174  15:04  Zergling x16  
  152  15:16  Zergling x16  
  160  15:22  Overseer  
  160  15:26  Ultralisk x3  
  160  15:27  Ultralisk x2  
  190  15:35  Zergling x2  
  187  15:36  Zergling x26  
  199  16:03  Ultralisk  
  199  16:04  Zergling x4  
  193  16:11  Ultralisk  
  193  16:15  Overseer  
  197  16:20  Zerg Flyer Weapons Level 1  
  188  16:51  Zergling x4  
  188  16:52  Zergling x44  
  188  16:53  Zergling x4  
  189  17:00  Zergling x6  
  162  17:20  Overseer  
  162  17:24  Hatchery  
  162  17:26  Corruptor  
  162  17:27  Corruptor x3  
  169  17:30  Corruptor x4  
  169  17:36  Zergling x14  
  169  17:37  Zergling x6  
  186  17:47  Nydus Canal  
  182  17:54  Swarm Host  
  182  17:55  Swarm Host x6  
  188  18:35  Nydus Canal  
  179  18:51  Ultralisk x2  
  179  18:52  Ultralisk x2, Zergling x2  
  179  18:53  Zergling x12  
  192  19:04  Ultralisk, Zergling x2  
  192  19:05  Zergling x2  
  200  19:30  Extractor  
  200  19:31  Extractor  
  198  20:08  Hatchery  
  196  20:23  Hatchery  
  195  20:31  Nydus Canal  
  195  20:42  Swarm Host  
  192  21:04  Corruptor  
  192  21:05  Corruptor x3  
  198  21:31  Overseer x3  
  189  21:35  Pneumatized Carapace  
  189  21:38  Corruptor  
  189  21:39  Corruptor x4  
  183  22:06  Ultralisk x2  
  183  22:07  Ultralisk x6  
  200  22:08  Zergling x4  
  200  22:15  Nydus Canal, Overseer  
  198  22:35  Nydus Canal  
  198  22:51  Zergling x8  
  150  23:44  Zerg Missile Weapons Level 1  
  150  23:45  Zerg Flyer Weapons Level 2  
  138  23:49  Swarm Host  
  138  23:50  Swarm Host x4  
  138  23:51  Swarm Host x4  
  165  24:04  Nydus Canal  
  165  24:21  Queen  
  167  24:28  Hydralisk Den  
  166  24:35  Overlord x3  
  166  24:36  Overlord x3, Spire  
  165  24:43  Extractor  
  165  24:44  Extractor  
  163  25:12  Corruptor x7  
  163  25:13  Corruptor x3  
  183  25:28  Hydralisk x5  
  183  25:29  Lurker Den  
Show
View Real Time Build Order
Export as new Build Order

dawderu Terran - Winner!

Build Orders: Mech 

Get SALT Encoding   

  8  0:00  SCV  
  9  0:12  SCV  
  10  0:24  SCV  
  11  0:30  Supply Depot  
  11  0:36  SCV  
  12  0:48  SCV  
  13  1:01  SCV  
  14  1:13  SCV  
  14  1:16  Command Center  
  15  1:25  SCV  
  16  1:37  SCV, Barracks  
  17  1:43  Refinery  
  17  1:50  SCV  
  18  2:02  SCV  
  19  2:12  Refinery  
  19  2:14  SCV  
  20  2:28  Orbital Command, Marine  
  21  2:30  Orbital Command  
  21  2:39  Bunker  
  21  2:46  Marine  
  21  2:50  Orbital Command  
  22  2:54  SCV  
  22  2:58  Factory  
  23  3:06  SCV  
  23  3:11  Barracks Tech Lab  
  24  3:18  SCV  
  25  3:24  Command Center  
  25  3:25  SCV  
  26  3:30  SCV  
  27  3:37  Engineering Bay  
  27  3:38  SCV  
  28  3:45  Starport  
  28  3:47  SCV  
  29  3:54  Supply Depot  
  29  3:55  SCV  
  29  3:59  SCV  
  31  4:03  Siege Tank  
  34  4:12  Barracks Tech Lab  
  34  4:14  Refinery  
  34  4:16  SCV x2  
  36  4:22  Medivac  
  38  4:28  SCV  
  39  4:31  Fusion Core  
  39  4:42  Command Center  
  39  4:45  SCV x2  
  41  4:49  Widow Mine  
  43  4:54  Refinery  
  43  4:57  SCV x2  
  46  5:07  Planetary Fortress  
  46  5:09  SCV  
  46  5:10  SCV  
  47  5:21  SCV  
  47  5:22  SCV  
  47  5:25  Missile Turret  
  47  5:26  Missile Turret  
  49  5:34  SCV x2  
  51  5:42  Supply Depot  
  51  5:44  SCV  
  51  5:46  SCV x2  
  54  5:50  Armory  
  54  5:54  Battlecruiser  
  54  5:56  Orbital Command, SCV  
  61  5:58  SCV  
  61  6:00  Missile Turret  
  61  6:03  Missile Turret  
  62  6:06  SCV  
  62  6:08  SCV  
  64  6:13  Hellion  
  64  6:15  Factory  
  66  6:20  SCV x2  
  66  6:21  Factory  
  66  6:23  SCV  
  66  6:24  SCV  
  70  6:26  Barracks Tech Lab  
  70  6:29  Supply Depot  
  70  6:32  SCV  
  71  6:33  Neosteel Armor  
  71  6:35  SCV  
  71  6:38  SCV x2, Orbital Command  
  74  6:45  Terran Vehicle Weapons Level 1  
  74  6:50  SCV, Thor  
  81  6:55  Command Center  
  81  7:00  Barracks Reactor  
  81  7:03  SCV  
  81  7:04  Barracks  
  81  7:05  Supply Depot  
  81  7:06  Raven  
  84  7:10  Refinery  
  84  7:11  Refinery  
  84  7:19  Command Center  
  84  7:25  Barracks  
  84  7:26  Supply Depot  
  84  7:27  SCV x3  
  87  7:32  Supply Depot  
  87  7:33  SCV  
  88  7:39  SCV  
  88  7:41  Missile Turret  
  89  7:47  Thor  
  89  7:48  Siege Tank  
  89  7:51  Supply Depot  
  98  7:57  Supply Depot  
  98  8:01  Hellion x2, Infernal Pre-Igniter  
  98  8:03  SCV, Command Center  
  103  8:06  Factory  
  103  8:10  SCV  
  104  8:17  SCV  
  105  8:25  SCV  
  105  8:27  Siege Tank, Hellion  
  109  8:28  Hellion  
  109  8:30  Thor  
  119  8:34  Factory  
  119  8:35  Advanced Ballistics, Armory  
  119  8:37  Supply Depot  
  119  8:41  Command Center  
  119  8:42  SCV  
  120  8:49  Missile Turret  
  120  8:50  Missile Turret, Hi-Sec Auto Tracking  
  120  8:51  Missile Turret  
  120  9:06  Thor  
  120  9:07  Widow Mine  
  120  9:08  Hellion x2  
  132  9:12  Missile Turret  
  132  9:13  Command Center  
  132  9:16  Hellion  
  134  9:23  Drilling Claws  
  134  9:27  Terran Vehicle Weapons Level 2  
  134  9:29  Hellion  
  138  9:31  Hellion  
  138  9:39  Orbital Command  
  138  9:40  Siege Tank  
  141  9:51  SCV  
  142  9:59  Command Center  
  142  10:02  Command Center  
  142  10:06  Missile Turret x2  
  142  10:08  Missile Turret, Refinery  
  142  10:10  Refinery  
  142  10:11  Refinery, Planetary Fortress  
  142  10:12  Command Center  
  142  10:20  Planetary Fortress  
  142  10:22  Missile Turret  
  142  10:24  SCV  
  141  10:32  Supply Depot  
  141  10:35  Command Center  
  141  10:41  Thor x2  
  153  10:44  Factory Tech Lab  
  153  10:47  Terran Vehicle And Ship Armor Level 1  
  153  10:52  SCV  
  153  10:55  Starport x2  
  150  11:06  Planetary Fortress  
  146  11:13  Barracks  
  138  11:21  Thor  
  138  11:22  SCV  
  141  11:26  Raven  
  143  11:34  Missile Turret  
  143  11:39  Orbital Command  
  143  11:41  Missile Turret  
  143  11:45  Terran Vehicle Weapons Level 3  
  143  11:46  Weapon Refit, Missile Turret  
  143  11:52  Starport Reactor x2  
  143  12:05  Raven, Missile Turret  
  145  12:40  Command Center  
  145  12:42  Missile Turret  
  145  12:45  Thor x2  
  145  12:47  Command Center  
  145  12:49  Orbital Command  
  145  12:51  Liberator  
  166  12:53  Liberator x4  
  172  13:14  Missile Turret  
  172  13:19  Missile Turret  
  172  13:22  Missile Turret  
  172  13:31  Barracks  
  156  13:34  Missile Turret, Refinery  
  156  13:38  Thor x3  
  152  13:47  Hellion  
  154  14:09  Planetary Fortress  
  153  14:15  Hellion  
  153  14:16  Hellion x2  
  140  14:21  Thor x2  
  140  14:22  Hellion  
  138  14:27  Barracks  
  130  14:32  Banshee  
  130  14:37  Hellion  
  120  14:42  Orbital Command, Thor  
  109  15:04  Thor  
  107  15:15  Thor, Banshee, Orbital Command  
  107  15:16  Hellion  
  107  15:20  Orbital Command  
  118  15:25  Thor  
  122  15:47  SCV  
  123  15:57  Missile Turret  
  123  16:04  Orbital Command  
  116  16:12  Hellion  
  116  16:20  Liberator  
  116  16:22  Hellion x2  
  116  16:24  SCV x2  
  125  16:32  Refinery  
  96  16:57  Hellion  
  90  17:07  Thor  
  100  17:08  Hellion x2  
  100  17:10  SCV  
  101  17:29  Planetary Fortress  
  101  17:36  Hellion  
  101  17:37  Hellion x3  
  109  17:43  SCV  
  109  17:44  Liberator x2  
  110  17:47  Missile Turret  
  110  17:50  Missile Turret  
  116  17:58  Siege Tank  
  119  18:16  Command Center  
  119  18:19  Missile Turret  
  114  18:22  Liberator  
  111  18:32  Liberator x2  
  111  18:33  Missile Turret  
  117  18:57  Missile Turret  
  122  19:10  Hellion x4  
  122  19:11  Hellion  
  122  19:17  Liberator x2  
  126  19:18  Widow Mine  
  134  19:25  Planetary Fortress  
  134  19:27  Planetary Fortress  
  134  19:31  Widow Mine  
  134  19:32  Widow Mine x2  
  134  19:37  SCV x2  
  134  19:38  SCV  
  143  19:39  SCV  
  143  19:44  Medivac  
  146  19:54  Orbital Command  
  146  20:07  Widow Mine x2  
  150  20:18  Missile Turret  
  150  20:20  Widow Mine x3, Liberator  
  158  20:32  Terran Vehicle And Ship Armor Level 2  
  161  20:54  Hellion x2  
  162  21:10  Banshee  
  165  21:32  Liberator x2  
  169  21:33  Hellion  
  165  21:54  Liberator  
  165  21:55  Liberator  
  143  22:10  Liberator  
  146  22:19  SCV  
  146  22:20  Refinery  
  147  22:23  SCV x2  
  149  22:38  Refinery  
  149  22:46  Command Center  
  156  23:01  Widow Mine x3, Barracks  
  158  23:06  Liberator x2  
  158  23:08  Thor  
  158  23:09  Hellion x2  
  168  23:22  Hellion  
  168  23:30  Siege Tank  
  164  23:38  Command Center  
  156  23:42  Thor, Hellion  
  156  23:43  Hellion  
  156  23:44  Hellion  
  166  23:51  Widow Mine  
  166  23:52  Command Center, Barracks  
  168  23:58  SCV  
  168  23:59  SCV x6  
  168  24:02  Widow Mine  
  177  24:06  Liberator  
  177  24:07  Planetary Fortress  
  180  24:11  SCV x2  
  182  24:28  Hellion x2  
  186  24:35  Supply Depot  
  186  24:47  Raven  
  186  24:49  Hellion  
  190  24:54  Planetary Fortress  
  190  25:21  Banshee  
  190  25:22  Engineering Bay  
  193  25:32  Hellion x2  
  193  25:33  Hellion  
  199  25:36  Planetary Fortress  
Tags
 
Composition
Mech
League
Master
Matchup
TvZ
Add a new tag
Caveats
  • Supply blocks, unpowered buildings, or Contaminate may cause inaccurate times.
  • Supply counts are checked every 10 seconds.